 Dungeon Crawl Stone Soup version 0.20-b1-24-gb21faa7 (webtiles) character file.

200 cereshysteria the Ducker (level 5, -1/26 HPs)
             Began as a Felid Berserker on May 25, 2017.
             Was a Priest of Trog.
             Killed by nerve-wracking pain
             ... invoked by Menkaure
              (11 damage)
             ... on level 4 of the Dungeon.
             The game lasted 00:17:20 (5260 turns).

cereshysteria the Ducker (Felid Berserker)          Turns: 5260, Time: 00:17:21

Health: -1/26      AC:  2    Str: 14    XL:     5   Next: 48%
Magic:  6/6        EV: 24    Int:  9    God:    Trog [***...]
Gold:   161        SH:  0    Dex: 16    Spells: 4/4 levels left
                                        Lives:  0   Deaths: 2

rFire    . . .     SeeInvis +     - Unarmed
rCold    . . .     Gourm    +   (shield unavailable)
rNeg     . . .     Faith    .   (armour unavailable)
rPois    +         Spirit   .   (helmet unavailable)
rElec    .         Reflect  .   (cloak unavailable)
rCorr    .         Harm     .   (gloves unavailable)
MR       .....                  (boots unavailable)
Stlth    +++.......             c - amulet of the gourmand
Regen    0.1/turn               e - +2 ring of evasion
MPRegen  0.1/turn               b - ring of poison resistance

@: quick
A: no armour, no weapons or thrown items, stealth, claws 1, fangs 3, see
invisible, carnivore 3, speed 1, shaggy fur 2, slow metabolism 1, sharp paws
a: Berserk, Trog's Hand, Burn Spellbooks, Renounce Religion


You were on level 4 of the Dungeon.
You worshipped Trog.
Trog was most pleased with you.
You were not hungry.

You visited 1 branch of the dungeon, and saw 4 of its levels.

You collected 161 gold pieces.

Inventory:

Armour
 h - a +0 pair of gloves
Jewellery
 b - a ring of poison resistance (right paw)
 c - an amulet of the gourmand (around neck)
 d - an uncursed ring of wizardry
 e - a +2 ring of evasion (left paw)
 n - an uncursed ring of protection from fire
Scrolls
 a - 2 scrolls of remove curse {unknown}
 f - 3 scrolls of identify
 l - 2 scrolls of teleportation
Potions
 i - 2 potions of brilliance
 j - 3 potions of mutation {unknown}
 m - a potion of curing {unknown}
Comestibles
 g - 3 bread rations
 k - 3 royal jellies


   Skills:
 * Level 5.0 Fighting
 * Level 7.1 Dodging
 + Level 4.0 Stealth
 * Level 5.4 Unarmed Combat


You had 4 spell levels left.
You didn't know any spells.

Dungeon Overview and Level Annotations

Branches:
Dungeon (4/15)
 Temple: D:4-7

Altars:

Shops:
D:4 !

Annotations:
D:4 Menkaure


Innate Abilities, Weirdness & Mutations

You cannot wear armour.
You are incapable of wielding weapons or throwing items.
Your paws allow you to move quietly. (Stealth)
You have sharp claws.
You have razor-sharp teeth.
You have supernaturally acute eyesight. (SInv)
You are carnivorous and can eat meat at any time.
You cover ground quickly.
You are covered in thick fur. (AC +2)
You have a slow metabolism.
Your sharp claws are effective at attacking unaware monsters.


Message History

Found 11 gold pieces.
You now have 161 gold pieces (gained 11).
Menkaure casts a spell at you.
You struggle to resist.
Menkaure gestures wildly while chanting.
Menkaure seems to speed up.
Menkaure gestures at you while chanting.
You struggle to resist.
Menkaure points at you and mumbles some strange words.
Pain shoots through your body! Menkaure casts a spell at you.
You struggle to resist.
Menkaure gestures at you while chanting.
You struggle to resist.
Menkaure calls on the powers of darkness!
Your body is wracked with pain!
Menkaure's ankle releases a plume of dust as he confides, "I'm not really a mummy, you know."
Menkaure points at you and mumbles some strange words.
Pain shoots through your body!
You die...

#...##.#.#####.#.#
##.####.######.#.#
##.............#.#
################.#
# #.# # #.# # #.#
#.# # #########@#
# #....M....# #
#.######### # #
#.# ############.#
#
#M###............#
#
#...........######
## #####M#####.#
†# #.# #.# M# #.#
#.#


You could see Menkaure.

Vanquished Creatures
  Sigmund (D:4)
  Edmund (D:4)
  An ice beast (D:3)
  A hound (D:4)
  An orc wizard (D:4)
  An orc priest (D:4)
  Jessica (D:2)
  3 worker ants (D:4)
  4 adders
  An ooze (D:3)
  3 worms
  An adder skeleton (D:4)
  3 dart slugs
  2 leopard geckos
  8 orcs
  12 bats
  4 giant cockroaches
  12 goblins
  4 hobgoblins
  6 jackals (D:1)
  A quokka (D:4)
  3 ball pythons
  3 frilled lizards
  9 kobolds
  9 rats
95 creatures vanquished.

Notes
Turn   | Place    | Note
-------+----------+-------------------------------------------
     0 | D:1      | cereshysteria the Felid Berserker began the quest for the Orb.
     0 | D:1      | Reached XP level 1. HP: 10/10 MP: 2/2
   285 | D:1      | Reached XP level 2. HP: 8/14 MP: 3/3
  1097 | D:1      | Reached XP level 3. HP: 14/17 MP: 4/4
  1267 | D:1      | Reached ** piety under Trog
  2520 | D:2      | Reached skill level 5 in Dodging
  2549 | D:2      | Reached skill level 1 in Stealth
  2577 | D:2      | Noticed Jessica
  2593 | D:2      | Killed Jessica
  2593 | D:2      | Reached XP level 4. HP: 22/22 MP: 5/5
  3370 | D:3      | Reached XP level 5. HP: 25/25 MP: 6/6
  3438 | D:3      | Noticed an ice beast
  3457 | D:3      | Reached *** piety under Trog
  3467 | D:3      | HP: 1/25 [ice beast (6)]
  3472 | D:3      | Killed an ice beast
  3987 | D:4      | Gained mutation: You are covered in thick fur. (AC +2) [Felid growth]
  3987 | D:4      | Reached XP level 6. HP: 21/28 MP: 7/7
  4083 | D:4      | Reached skill level 6 in Dodging
  4129 | D:4      | Noticed Edmund
  4166 | D:4      | Killed Edmund
  4393 | D:4      | Noticed Sigmund
  4421 | D:4      | Killed Sigmund
  4421 | D:4      | Reached skill level 5 in Unarmed Combat
  4421 | D:4      | Reached XP level 7. HP: 33/33 MP: 8/8
  4544 | D:4      | Found Begreax's Distillery.
  4918 | D:4      | Reached skill level 5 in Fighting
  4918 | D:4      | Reached skill level 7 in Dodging
  4920 | D:4      | Killed from afar by an orc priest
  4921 | D:4      | Reached XP level 6. HP: -13/30 MP: 7/7
  5100 | D:4      | Noticed Menkaure
  5104 | D:4      | Slain by Menkaure
  5105 | D:4      | Reached XP level 5. HP: 0/26 MP: 6/6
  5260 | D:4      | Killed from afar by Menkaure

Skill      XL: |  1  2  3  4  5  6  7 |
---------------+----------------------+-----
Dodging        | 5 6 7 |  7.1
Stealth        | 1 2 4 |  4.0
Unarmed Combat | 4 5 |  5.4
Fighting       | 4 5 |  5.0

Action                   |  1- 3 |  4- 6 |  7- 9 || total
-------------------------+-------+-------+-------++-------
Melee: Unarmed           |   114 |   147 |    27 ||   288
       Bite              |    12 |    21 |     4 ||    37
       Punch             |     2 |     5 |       ||     7
Invok: Berserk           |       |     2 |       ||     2
       Trog's Hand       |       |       |     1 ||     1
  Use: Potion            |     2 |     1 |       ||     3
       Scroll            |       |     4 |     1 ||     5
 Stab: Sleeping          |     3 |     2 |       ||     5
  Eat: Meat ration       |     1 |       |       ||     1
       Chunk             |       |     2 |       ||     2
Armor: Skin              |     4 |     4 |       ||     8
Dodge: Dodged            |   113 |   143 |    38 ||   294
